 Dungeon Crawl Stone Soup version 0.26-a0-49-g0e6732e (webtiles) character file.

Game seed: 10455835753639534300

21 Illumine the Shield-Bearer (level 3, -4/25 HPs)
             Began as a Halfling Fighter on June 4, 2020.
             Slain by Natasha (6 damage)
             ... on level 2 of the Dungeon.
             The game lasted 00:01:55 (806 turns).

Illumine the Shield-Bearer (Halfling Fighter)        Turns: 806, Time: 00:01:56

Health: -4/25      AC: 12    Str: 18    XL:     3   Next: 2%
Magic:  3/3        EV:  9    Int:  6    God:
Gold:   34         SH:  9    Dex: 13    Spells: 2/2 levels left

rFire    . . .     SeeInvis .   a - +0 rapier
rCold    . . .     Gourm    .   c - +0 kite shield
rNeg     . . .     Faith    .   b - +0 scale mail
rPois    .         Spirit   .   r - +2 helmet
rElec    .         Reflect  .   e - +1 cloak
rCorr    .         Harm     .   (no gloves)
MR       .....                  (no boots)
Stlth    ..........             (no amulet)
HPRegen  0.08/turn              (no ring)
MPRegen  0.08/turn              (no ring)

@: slowed, very slow
A: small, mutation resistance 1
a: no special abilities


You were on level 2 of the Dungeon.
You were not hungry.

You visited 1 branch of the dungeon, and saw 2 of its levels.

You collected 34 gold pieces.

Inventory:

Hand Weapons
 a - a +0 rapier (weapon)
Missiles
 k - 20 sling bullets
 m - 14 stones
 p - 6 poisoned darts (quivered)
Armour
 b - a +0 scale mail (worn)
 c - a +0 kite shield (worn)
 e - a +1 cloak (worn)
 r - a +2 helmet (worn)
Wands
 q - a wand of acid (13)
Scrolls
 h - a scroll of enchant weapon {unknown}
 i - 2 scrolls of identify {unknown}
 l - 2 scrolls of amnesia {unknown}
 n - a scroll of fog {unknown}
Potions
 d - a potion of might
 j - 2 potions of curing
 o - a potion of mutation {unknown}
Comestibles
 f - 2 rations
 g - 4 chunks of flesh


   Skills:
 + Level 2.9 Fighting
 + Level 2.8 Short Blades
 - Level 0.1 Throwing
 + Level 3.5 Armour
 + Level 0.9 Dodging
 + Level 3.5 Shields


You had 2 spell levels left.
You didn't know any spells.
Your spell library was empty.

Dungeon Overview and Level Annotations

Branches:
Dungeon (2/15)

Altars:

Annotations:
D:2 Natasha


Innate Abilities, Weirdness & Mutations

You are small and have problems with some larger weapons.
You are somewhat resistant to further mutation.


Message History

You hit Natasha.
Natasha is severely wounded.
Natasha claws you but does no damage. You block the white imp's attack.
You block the crimson imp's attack.
The crimson imp hits you but does no damage.
Natasha closely misses you. The white imp gestures at you.
The puff of frost hits you.
* * * LOW HITPOINT WARNING * * *
The crimson imp hits you but does no damage.
Unknown command.
You closely miss Natasha.
Natasha is severely wounded.
The crimson imp disappears in a puff of smoke!
The crimson imp blinks!
You block Natasha's attack. The white imp gestures at you.
The puff of frost hits you.
* * * LOW HITPOINT WARNING * * *
Natasha claws you.
You die...

##.......##.#
#..........##
##...<.)..#..#
#........>..#
#.##...#.##.#
#.###.###...#
#.#####.###..#.####
......h<.##.#÷########
###.##@§##...........
#.##§5#)...######..
#.##..#....#
#.##..#...÷###
#####.##.........#
#.......5........#
#.####..##.##.........#
#.......)..##.##[...###
#####..#####.##....#


You could see Natasha (poisoned), a crimson imp (summoned) and a white imp
(summoned).

Vanquished Creatures
  An ooze (D:1)
  A leopard gecko (D:2)
  A giant cockroach (D:2)
  2 goblins
  4 bats
  4 kobolds
  3 rats
16 creatures vanquished.

Notes
Turn   | Place    | Note
-------+----------+-------------------------------------------
     0 | D:1      | Illumine the Halfling Fighter began the quest for the Orb.
     0 | D:1      | Reached XP level 1. HP: 15/15 MP: 1/1
   355 | D:1      | Reached XP level 2. HP: 20/20 MP: 2/2
   754 | D:2      | Reached XP level 3. HP: 25/25 MP: 3/3
   780 | D:2      | Noticed Natasha
   806 | D:2      | Slain by Natasha

Illustrated notes

Levels and vault maps discovered:
D:1:      dpeg_arrival_round_c, layout_loops_cross, minmay_misc_feat_square
D:2:      minmay_roachtagon, layout_loops_ring, chequers_ecumenical_altar_lobes,
          uniq_jessica, uniq_natasha

Action                   || total
-------------------------++-------
Melee: Rapier            ||    60
Throw: Dart              ||     3
Armor: Scale mail        ||    32
Dodge: Dodged            ||    21
Block: Kite shield       ||    37

Table legend:
 A = Non-vault XP
 B = Vault XP
 C = Vault XP percentage of total XP
 D = Non-vault monster count
 E = Vault monster count
 F = Vault count percentage of total count
                 A         B        C        D         E       F
            +---------+---------+-------+---------+---------+-------
      Total |      30 |       0 |   0.0 |      16 |       0 |   0.0
            +---------+---------+-------+---------+---------+-------
        D:1 |      17 |       0 |   0.0 |       9 |       0 |   0.0
        D:2 |      13 |       0 |   0.0 |       7 |       0 |   0.0
            +---------+---------+-------+---------+---------+-------
